 Dungeon Crawl Stone Soup version 0.17.0-28-g6e173f8 (webtiles) character file.

30652 R18 the Basher (level 13, -16/91 HPs)
             Began as a Pale Draconian Hunter on Nov 11, 2015.
             Was an Initiate of Gozag.
             Demolished by an orc knight
             ... wielding a +0 halberd
              (18 damage)
             ... on level 2 of the Orcish Mines on Nov 27, 2015.
             The game lasted 00:52:17 (15505 turns).

R18 the Basher (Pale Draconian Hunter)             Turns: 15505, Time: 00:52:17

Health: -16/91     AC: 14    Str: 11    XL:     13   Next: 21%
Magic:  13/13      EV: 19    Int: 15    God:    Gozag
Gold:   1588       SH:  0    Dex: 17    Spells: 0 memorised, 12 levels left

rFire  . . .     SeeInvis .     b - +5 rapier of Cowardice {vamp, rElec Str-4 Dex+4 Stlth+}
rCold  . . .     Clarity  .     (armour unavailable)
rNeg   + + .     SustAt   .     (no shield)
rPois  .         Gourm    .     (helmet restricted)
rElec  +         Spirit   .     L - +2 cloak
rCorr  .         Warding  +     (no gloves)
rMut   .         Stasis   .     n - +2 pair of boots
MR     .....                    C - amulet of warding
Stlth  ++++......               Y - ring of positive energy
                                S - ring of stealth (curse)

@: short of breath, very slightly contaminated, invisible, not resistant to
hostile enchantments, stealthy
A: breathe steam, unfitting armour, horns 1, cold-blooded, AC +8
a: Breathe Steam, Potion Petition, Call Merchant, Bribe Branch, Renounce
Religion


You were on level 2 of the Orcish Mines.
You worshipped Gozag.
Gozag was noncommittal.
You were very full.

You visited 3 branches of the dungeon, and saw 14 of its levels.
You also visited: Ossuary and Bailey.

You collected 4493 gold pieces.
You spent 1413 gold pieces at shops.
You paid 1492 gold pieces to Gozag.

Inventory:

Hand Weapons
 a - a +2 arbalest of velocity
 b - the +5 rapier of Cowardice (weapon) {vamp, rElec Str-4 Dex+4 Stlth+}
   (You bought it in a shop on level 10 of the Dungeon)

   It inflicts no extra harm, but heals its wielder somewhat when it strikes a
   living foe.
   It affects your strength (-4).
   It affects your dexterity (+4).
   It insulates you from electricity.
   It makes you more stealthy.
 B - a +1 morningstar
 I - a +2 hand crossbow
Missiles
 c - 5 bolts
 k - 5 curare-tipped needles
 s - 9 bolts of flame
 J - a bolt of frost
Armour
 f - a +0 cloak of magic resistance
 n - a +2 pair of boots (worn)
 z - a +0 buckler
 L - a +2 cloak (worn)
Jewellery
 C - an amulet of warding (around neck)
 S - a cursed ring of stealth (left hand)
 W - an uncursed amulet of stasis
 Y - a ring of positive energy (right hand)
Wands
 i - a wand of flame (16)
 q - a wand of frost (15)
 y - a wand of digging (16)
 Q - a wand of confusion (18)
Scrolls
 j - 4 scrolls of amnesia
 r - 2 scrolls of magic mapping
 x - 4 scrolls of teleportation
 A - 4 scrolls of remove curse
 P - 2 scrolls of fear
Potions
 e - 2 potions of curing
 o - 2 potions of agility
 w - 3 potions of flight
 E - a potion of brilliance
Miscellaneous
 Z - a lamp of fire (inert)
Comestibles
 d - 11 bread rations


   Skills:
 - Level 2.1 Fighting
 * Level 7.3 Short Blades
 - Level 12.0 Maces & Flails
 + Level 12.0 Crossbows
 - Level 9.8 Dodging
 - Level 0.8 Stealth
 - Level 5.0 Shields


You had 12 spell levels left.
You didn't know any spells.

Dungeon Overview and Level Annotations

Branches:
Dungeon (10/15)            Temple (0/1) D:6            Lair (2/8) D:10
    Orc (2/4) D:10

Altars:
Ashenzari
Dithmenos
Gozag
Nemelex Xobeh
Ru
Vehumet
Xom
Beogh

Shops:
D:10 (*


Innate Abilities, Weirdness & Mutations

You can breathe blasts of scalding, opaque steam.
Your pale cyan-grey scales are hard (AC +8).
Your body does not fit into most forms of armour.
You are cold-blooded and may be slowed by cold attacks.
You have a pair of small horns on your head.


Message History

You feel somewhat less full. The orc knight closely misses you.
Unknown command.
You barely miss the orc knight.
You headbutt the orc knight, but do no damage.
The orc knight is almost dead.
The orc knight hits you with a halberd!
* * * LOW HITPOINT WARNING * * *
You closely miss the orc knight.
The orc knight is almost dead.
You completely miss the orc knight.
The orc knight is almost dead.
The orc knight hits you with a halberd!!
* * * LOW HITPOINT WARNING * * *
Drink which item? (? for menu, Esc to quit)
You fade into invisibility!
The orc knight misses you.
You are very lightly contaminated with residual magic.
The orc knight hits you from afar with a halberd!!
You die...
Your body crumbles into a pile of gold.

################ ##
#####.##.(#.#....#.#
##.##......(............
#..........)............ .##
#.......)....#.....>..# ..#
###........<..#......... ..#
##....................... ..###
#.......@.#.............. ....##
##.#.....#.............<. .....#
##...o..............#... .....##
#....................... ..#...#
#..$^....#.#............
...#.######.#........#...........
#.#...##.##.##.#....##...........
####.....<...####..##............
##.##.#..## #...##...........


You could see an orc knight.

Vanquished Creatures
  An orc warlord (Bailey)
  An unseen horror (D:10)
  An orc knight (Bailey)
  Pikel (D:7)
  Maurice (D:10)
  Joseph (Lair:1)
  A black mamba (Lair:2)
  2 spiny frogs (Lair:1)
  3 komodo dragons
  A kobold demonologist (D:9)
  2 two-headed ogres (D:10)
  4 polar bears (Lair:1)
  3 blink frogs (Lair:1)
  6 slime creatures
  A trapdoor spider zombie (D:10)
  A spriggan (D:7)
  3 water elementals (D:10)
  A basilisk (Lair:2)
  A hungry ghost (D:8)
  A deep elf mage (D:9)
  10 yaks
  5 wolves (Lair:1)
  Menkaure (D:7)
  2 hippogriffs
  4 water moccasins
  10 orc warriors
  4 sky beasts
  7 black bears
  3 porcupines
  A swamp drake (D:10)
  3 slaves (D:7)
  8 centaurs
  3 phantoms
  6 crocodiles
  3 ogres
  A wasp (D:9)
  4 giant frogs
  7 big kobolds
  11 scorpions
  8 wights
  4 electric eels (D:7)
  6 crimson imps
  2 centaur zombies (Ossuary)
  3 hounds
  4 jellies
  A quasit (D:10)
  14 orc priests
  Crazy Yiuf (D:7)
  2 centaur skeletons
  2 human zombies (Ossuary)
  11 orc wizards
  A giant frog skeleton (D:5)
  8 iguanas
  8 worker ants
  7 sheep
  2 big kobold zombies (Ossuary)
  4 hound zombies
  3 mummies (Ossuary)
  A worker ant zombie (D:7)
  10 gnolls
  4 adders
  23 river rats (Lair:2)
  3 scorpion zombies (Ossuary)
  3 shadow imps
  An ooze (D:4)
  An adder zombie (D:9)
  A worm (D:3)
  8 giant geckos
  99 orcs
  3 gnoll zombies (Ossuary)
  9 goblins
  8 hobgoblins
  4 jackals
  38 kobolds
  4 quokkas
  A ball python (D:2)
  6 bats
  2 giant cockroaches
  A giant cockroach zombie (D:5)
  2 giant newts (D:5)
  A hobgoblin zombie (Ossuary)
  A jackal zombie (D:6)
  4 kobold zombies (Ossuary)
  An orc zombie (Ossuary)
  A quokka skeleton (D:6)
  A quokka zombie (D:6)
  9 rats
470 creatures vanquished.

Vanquished Creatures (collateral kills)
  A water elemental (D:10)
1 creature vanquished.

Vanquished Creatures (others)
  A slave (D:7)
  A fungus (D:7)
2 creatures vanquished.

Grand Total: 473 creatures vanquished

Notes
Turn   | Place    | Note
--------------------------------------------------------------
     0 | D:1      | R18 the Draconian Hunter began the quest for the Orb.
     0 | D:1      | Reached XP level 1. HP: 17/17 MP: 1/1
   123 | D:1      | Upgraded the game from 0.17.0-17-ge4ba49f to 0.17.0-28-g6e173f8
   302 | D:1      | Reached skill level 4 in Crossbows
   308 | D:1      | Reached XP level 2. HP: 24/24 MP: 2/2
   984 | D:2      | Found an opulent altar of Gozag.
   997 | D:2      | Became a worshipper of Gozag Ym Sagoz the Greedy
  1181 | D:2      | Reached XP level 3. HP: 29/29 MP: 3/3
  1361 | D:2      | Reached XP level 4. HP: 26/36 MP: 4/4
  1708 | D:3      | Reached skill level 5 in Crossbows
  1974 | D:3      | Reached skill level 1 in Maces & Flails
  1987 | D:3      | Reached XP level 5. HP: 41/41 MP: 5/5
  2086 | D:4      | Noticed a phantom
  2216 | D:4      | Reached skill level 6 in Crossbows
  2216 | D:4      | Reached XP level 6. HP: 48/48 MP: 6/6
  2327 | D:4      | Killed a phantom
  2857 | D:4      | Your scales start taking on a pale cyan-grey colour.
  2857 | D:4      | Reached XP level 7. HP: 40/55 MP: 7/7
  3035 | D:4      | Reached skill level 7 in Crossbows
  3155 | D:5      | Entered Level 5 of the Dungeon
  3745 | D:5      | Found a shadowy altar of Dithmenos.
  4415 | D:6      | Found a staircase to the Ecumenical Temple.
  4424 | D:6      | Reached skill level 8 in Crossbows
  4427 | D:6      | Reached XP level 8. HP: 61/61 MP: 8/8
  4486 | D:6      | Found a shattered altar of Ashenzari.
  4587 | D:6      | Reached skill level 5 in Maces & Flails
  4895 | D:7      | Reached skill level 9 in Crossbows
  4937 | D:7      | Found a flagged portal.
  4956 | Bailey   | Entered a bailey
  4965 | Bailey   | Noticed an orc warlord
  5133 | Bailey   | Found a runed gate.
  5135 | Bailey   | Found a runed gate.
  5137 | Bailey   | Found a runed gate.
  5289 | Bailey   | Killed an orc warlord
  5289 | Bailey   | Reached skill level 10 in Crossbows
  5289 | Bailey   | Reached XP level 9. HP: 67/67 MP: 9/9
  5333 | Bailey   | Noticed an orc knight
  5388 | Bailey   | Killed an orc knight
  5388 | Bailey   | Reached skill level 11 in Crossbows
  5862 | D:7      | Noticed Pikel
  6031 | D:7      | Killed Pikel
  6031 | D:7      | Reached XP level 10. HP: 59/73 MP: 10/10
  6196 | D:7      | Noticed Menkaure
  6200 | D:7      | Killed Menkaure
  6597 | D:7      | Noticed Crazy Yiuf
  6621 | D:7      | Killed Crazy Yiuf
  6881 | D:8      | Reached skill level 5 in Shields
  7216 | D:8      | Found a sand-covered staircase.
  7221 | Ossuary  | Entered an ossuary
  7848 | D:8      | Found a shimmering altar of Xom.
  8253 | D:9      | Found a radiant altar of Vehumet.
  8278 | D:9      | Found a sparkling altar of Nemelex Xobeh.
  8360 | D:9      | Reached skill level 10 in Maces & Flails
  8602 | D:9      | Found a sacrificial altar of Ru.
  9002 | D:9      | Reached XP level 11. HP: 50/79 MP: 11/11
  9226 | D:10     | Entered Level 10 of the Dungeon
  9593 | D:10     | Found a roughly hewn altar of Beogh.
  9929 | D:10     | Reached skill level 5 in Dodging
 10107 | D:10     | Found a staircase to the Lair.
 10133 | D:10     | Found a shattered altar of Ashenzari.
 10428 | D:10     | Found a staircase to the Orcish Mines.
 11504 | D:9      | Found a shimmering altar of Xom.
 12021 | D:10     | Reached skill level 12 in Maces & Flails
 12111 | D:10     | Bought the +5 rapier of Cowardice {vamp, rElec Str-4 Dex+4 Stlth+} for 807 gold pieces
 12111 | D:10     | Bought a +0 arbalest of velocity for 130 gold pieces
 12113 | D:10     | Bought 16 bolts of frost for 136 gold pieces
 12113 | D:10     | Bought an ornate deck of wonders for 340 gold pieces
 12118 | D:10     | Reached XP level 12. HP: 77/85 MP: 12/12
 12128 | Lair:1   | Entered Level 1 of the Lair of Beasts
 12134 | Lair:1   | Noticed Joseph
 12160 | Lair:1   | Killed Joseph
 12160 | Lair:1   | Reached skill level 1 in Short Blades
 12677 | Lair:1   | Reached skill level 5 in Short Blades
 12862 | Lair:1   | Reached XP level 13. HP: 66/91 MP: 10/13
 13301 | Lair:2   | Got a steaming amber ring
 13414 | Lair:2   | Identified Nemnot's Compendium of the Traveller and Stolen Souls
 13636 | Lair:2   | Identified the ring of Henotheism {Ice Dex+4} (You found it on level 2 of the Lair of Beasts)
 14116 | Lair:2   | Gained mutation: You have a pair of small horns on your head. [potion of beneficial mutation]
 14318 | D:10     | Killed an unseen horror
 14337 | Orc:1    | Entered Level 1 of the Orcish Mines
 14350 | Orc:1    | Noticed Maurice
 14393 | D:10     | Killed Maurice
 15452 | Orc:2    | Found a roughly hewn altar of Beogh.
 15500 | Orc:2    | HP: 1/91 [orc knight/halberd (18)]
 15505 | Orc:2    | Demolished by an orc knight

Action                   |  1- 3 |  4- 6 |  7- 9 | 10-12 | 13-15 || total
-------------------------+-------+-------+-------+-------+-------++-------
Melee: Short sword       |    10 |       |       |       |       ||    10
       Flail             |     8 |    64 |   110 |    26 |       ||   208
       Whip              |       |       |   111 |    15 |       ||   126
       Morningstar       |       |       |       |   530 |   169 ||   699
       Rapier            |       |       |       |       |   136 ||   136
 Fire: Hand crossbow     |    75 |    80 |    65 |    37 |       ||   257
       Arbalest          |       |       |       |    79 |    13 ||    92
Throw: Tomahawk          |       |       |     5 |     6 |       ||    11
Invok: Potion Petition   |       |       |     2 |       |       ||     2
       Call Merchant     |       |       |       |     2 |       ||     2
 Abil: Breathe Steam     |       |       |    32 |    79 |    24 ||   135
Evoke: Wand              |       |       |       |     3 |       ||     3
       Lamp of fire      |       |       |       |     1 |       ||     1
  Use: Scroll            |       |    11 |     8 |    14 |     2 ||    35
       Potion            |       |       |     5 |     4 |    10 ||    19
 Stab: Sleeping          |     1 |       |     1 |     8 |     7 ||    17
       Distracted        |       |       |       |     5 |     3 ||     8
  Eat: Beef jerky        |     1 |       |     1 |       |     2 ||     4
       Pizza             |       |     1 |       |     1 |       ||     2
       Meat ration       |       |     1 |     2 |     5 |     1 ||     9
       Bread ration      |       |       |       |     2 |     3 ||     5
